 Dungeon Crawl Stone Soup version bcrawl-1.12-10-g10a67aac0f (webtiles) character file.

Game seed: 5933537936859016349

843 MisterOstroum the Insei (level 7, -1/72 HPs)
             Began as a Demigod Transmuter on June 19, 2019.
             Slain by a troll (2 damage)
             ... on level 5 of the Dungeon.
             The game lasted 00:33:31 (5460 turns).

MisterOstroum the Insei (Demigod Transmuter)        Turns: 5460, Time: 00:33:32

Health: -1/72      AC:  5    Str: 16    XL:     7   Next: 68%
Magic:  6/13       EV: 10    Int: 17    God:    Demigod [**....]
Gold:   301        SH:  0    Dex: 19    Spells: 3/10 levels left

rFire    x . .     SeeInvis .     - Unarmed
rCold    + + +     Gourm    .   (shield currently unavailable)
rNeg     . . .     Faith    +   (armour currently unavailable)
rPois    +         Spirit   .   (helmet currently unavailable)
rElec    .         Reflect  .   (cloak currently unavailable)
rCorr    .         Harm     .   (gloves currently unavailable)
MR       .....                  (boots currently unavailable)
Stlth    ++........             h - amulet of faith
HPRegen  0.22/turn              i - ring of protection from cold
MPRegen  0.13/turn              t - ring of poison resistance

@: ice-form, very slightly contaminated
A: large, high mp 1
a: End Transformation, Temporal Distortion, Growth


You were on level 5 of the Dungeon.
You worshipped Demigod.
Demigod was pleased with you.
You were not hungry.
You were a creature of crystalline ice.
You visited 1 branch of the dungeon, and saw 5 of its levels.

You collected 301 gold pieces.

Inventory:

Hand Weapons
 a - a +0 hunting sling
 g - a +0 mace of protection
Missiles
 f - 982 stones (quivered)
 m - 445 arrows
 o - 701 sling bullets
Armour
 b - a +0 robe (melded)
 j - a +0 cloak (melded)
 k - a +3 ring mail of poison resistance
 u - a +0 chain mail
Jewellery
 h - an amulet of faith (around neck)
 i - a ring of protection from cold (left front paw)
 t - a ring of poison resistance (right front paw)
Scrolls
 c - 5 scrolls of identify {@r1}
 l - 2 scrolls of teleportation
 n - 2 scrolls of remove curse
 q - 2 scrolls of blinking {unknown}
 s - 2 scrolls of fear {unknown}
 v - a scroll of fog {unknown}
 y - a scroll of immolation {unknown}
Potions
 d - a potion of lignification {@q6}
 p - a potion of curing
 r - a potion of haste {unknown}
 w - a potion of agility {unknown}
 x - a potion of mutation {unknown}
Comestibles
 e - 6 rations {!d}


   Skills:
 * Level 4.5 Fighting
 - Level 1.7 Dodging
 * Level 5.3 Unarmed Combat
 - Level 2.3 Spellcasting
 + Level 3.5 Transmutations
 + Level 2.3 Ice Magic


You had 3 spell levels left.
You knew the following spells:

 Your Spells              Type           Power        Failure   Level  Hunger
a - Beastly Appendage     Tmut           ##....       4%          1    #......
b - Sticks to Snakes      Tmut           ##......     7%          2    ##.....
c - Ice Form              Ice/Tmut       ##......     50%         4    #####..

Your spell library contained the following spells:

 Spells                   Type           Power        Failure   Level  Hunger
 Spider Form              Tmut/Pois      #.........   26%         3    ###....
 Blade Hands              Tmut           ##........   77%         5    ######.


Dungeon Overview and Level Annotations

Branches:
Dungeon (5/12)
 Temple: D:4-7

Annotations:
D:4 1 runed door, exclusion: door


Innate Abilities, Weirdness & Mutations

You have an increased reservoir of magic. (+10% MP)


Message History

The centaur shoots an arrow.
The arrow closely misses you.
A troll comes into view.
The centaur unwields a +0 shortbow.
The centaur hits you. x2
The centaur hits you but does no damage.
The centaur hits you! The centaur hits you.
There is a stone staircase leading up here.
The centaur barely misses you.
You climb upwards.
Level annotation: 1 runed door, exclusion: door
There is a stone staircase leading down here.
Casting: Ice Form (very dangerous; 50% risk of failure)
Confirm with . or Enter, or press ? or * to list all spells.
Your feet morph into talons.
The centaur hits you!
* * * LOW HITPOINT WARNING * * *
The centaur hits you!
* * * LOW HITPOINT WARNING * * *
You feel better. The centaur closely misses you. The centaur hits you.
* * * LOW HITPOINT WARNING * * *
The centaur barely misses you.
There isn't anything here!
You hit the centaur. Your kick misses the centaur.
The centaur is lightly wounded.
The centaur hits you.
* * * LOW HITPOINT WARNING * * *
You hit the centaur but do no damage.
The centaur is lightly wounded.
The centaur hits you.
* * * LOW HITPOINT WARNING * * *
You hit the centaur. You claw the centaur!
The centaur is heavily wounded.
The centaur closely misses you. The centaur barely misses you.
You feel better. The centaur barely misses you.
You closely miss the centaur. Your kick misses the centaur.
The centaur is heavily wounded.
The centaur barely misses you.
You barely miss the centaur. You claw the centaur, but do no damage.
The centaur is heavily wounded.
The centaur misses you. x2
You hit the centaur. You claw the centaur, but do no damage.
The centaur is severely wounded.
Your transformation is almost over.
The centaur misses you.
Unknown command.
You barely miss the centaur.
The centaur is severely wounded.
The centaur hits you.
* * * LOW HITPOINT WARNING * * *
The centaur barely misses you.
You hit the centaur.
You kill the centaur!
Your kill strengthens your divinity.
m - 445 arrows (gained 124)
You see here a +0 shortbow.
There is a stone staircase leading down here.
You start resting.
Your talons disappear.
You start resting.
Your magical contamination has completely faded away.
You start resting.
Magic restored.
HP restored.
Casting: Beastly Appendage (safe; 4% risk of failure)
Confirm with . or Enter, or press ? or * to list all spells.
The spell is very dangerous to cast (50% risk of failure)!
Continue anyway?
You miscast Ice Form.
You are very lightly contaminated with residual magic.
You are covered in a thin layer of ice.
Casting: Ice Form (very dangerous; 50% risk of failure)
Confirm with . or Enter, or press ? or * to list all spells.
The spell is very dangerous to cast (50% risk of failure)!
Continue anyway?
You turn into a creature of crystalline ice.
Your +0 cloak melds into your body.
Your +0 robe melds into your body.
You climb downwards.
Near the exit of the stairs, a rune flashes!
You stop descending the stairs.
Your surroundings suddenly seem different.
Found a robe.
Found a stone staircase leading down.
You hit the troll. You freeze the troll.
The troll is lightly wounded.
The troll bites you! The troll closely misses you. The troll claws you!
You punch the troll! You freeze the troll.
The troll is moderately wounded.
The troll bites you! The troll claws you! x2
* * * LOW HITPOINT WARNING * * *
You barely miss the troll.
The troll is moderately wounded.
The troll bites you!
* * * LOW HITPOINT WARNING * * *
The troll claws you!
* * * LOW HITPOINT WARNING * * *
The troll claws you.
* * * LOW HITPOINT WARNING * * *
Casting: Ice Form (very dangerous; 50% risk of failure)
Confirm with . or Enter, or press ? or * to list all spells.
Okay, then.
You fail to use your ability.
The troll bites you.
You die...
Your divinity fades.

## ### ###
##.##.####...#
#............#
#......).....#
+.....<......# #
##.##.##.##..#
###.####.##.##+#
#[.................
#..>..YT>..........
#..................
#..................
#..................
#+####...##...###+#
#...##...# .....
... ...... ..
..##.##


You could see a troll.

Vanquished Creatures
  A hungry ghost (D:4)
  A sky beast (D:4)
  A centaur (D:4)
  A howler monkey (D:4)
  3 crimson imps (D:4)
  2 hounds (D:4)
  2 bullfrog skeletons
  A centaur skeleton (D:3)
  An iguana (D:4)
  3 worker ants
  5 adders
  2 gnolls (D:2)
  An ooze (D:3)
  2 worms (D:4)
  2 dart slugs
  2 leopard geckos (D:2)
  An orc (D:3)
  6 goblins
  6 hobgoblins
  14 jackals
  11 kobolds
  3 quokkas
  3 bats
  2 frilled lizards (D:1)
  9 rats
85 creatures vanquished.

Vanquished Creatures (collateral kills)
  2 gnolls (D:2)
2 creatures vanquished.

Grand Total: 87 creatures vanquished

Notes
Turn   | Place    | Note
-------+----------+-------------------------------------------
     0 | D:1      | MisterOstroum the Demigod Transmuter began the quest for
                  | the Orb.
     0 | D:1      | Reached XP level 1. HP: 15/15 MP: 5/5
    37 | D:1      | Reached skill level 1 in Fighting
   244 | D:1      | Reached XP level 2. HP: 23/23 MP: 7/7
   385 | D:1      | Reached skill level 3 in Unarmed Combat
   397 | D:1      | Learned a level 2 spell: Sticks to Snakes
  1024 | D:2      | Found a basalt altar of Yredelemnul.
  1115 | D:2      | Reached XP level 3. HP: 29/29 MP: 8/8
  1128 | D:2      | Reached * piety under Demigod
  1521 | D:2      | Reached XP level 4. HP: 36/36 MP: 9/9
  1727 | D:2      | Found a radiant altar of Vehumet.
  1728 | D:2      | Found a burning altar of Makhleb.
  1782 | D:2      | Found a stormy altar of Qazlal.
  2249 | D:2      | Found a deep blue altar of Sif Muna.
  2493 | D:3      | Learned a level 4 spell: Ice Form
  2702 | D:3      | Found a blossoming altar of Fedhas.
  2792 | D:3      | Reached XP level 5. HP: 42/42 MP: 11/11
  3315 | D:3      | Found a corrupted altar of Lugonu.
  3320 | D:3      | Reached ** piety under Demigod
  3470 | D:4      | Reached skill level 4 in Unarmed Combat
  3539 | D:4      | Reached skill level 1 in Ice Magic
  3671 | D:4      | Reached XP level 6. HP: 51/51 MP: 12/12
  4077 | D:4      | Found a runed door.
  4761 | D:4      | Noticed a hungry ghost
  4780 | D:4      | Killed a hungry ghost
  4780 | D:4      | Reached XP level 7. HP: 52/59 MP: 4/13
  4886 | D:4      | Reached skill level 5 in Unarmed Combat
  5182 | D:5      | Entered Level 5 of the Dungeon
  5204 | D:5      | Noticed a troll
  5459 | D:5      | HP: 2/72 [troll (8)]
  5460 | D:5      | Slain by a troll

Skill      XL: |  1  2  3  4  5  6  7 |
---------------+----------------------+-----
Fighting       | 1 2 3 4 |  4.5
Unarmed Combat | 3 4 5 |  5.3
Transmutations | 2 3 |  3.5
Spellcasting   | 2 |  2.3
Ice Magic      | 1 2 |  2.3
Dodging        | |  1.7

Action                   |  1- 3 |  4- 6 |  7- 9 || total
-------------------------+-------+-------+-------++-------
Melee: Dagger            |    29 |       |       ||    29
       Headbutt          |     2 |     7 |       ||     9
       Kick              |     7 |     2 |     6 ||    15
       Unarmed           |    39 |   250 |    31 ||   320
       Punch             |       |     8 |       ||     8
       Mace              |       |     2 |       ||     2
 Fire: Hunting sling     |    33 |    63 |       ||    96
Throw: Stone             |     2 |    22 |       ||    24
 Cast: Beastly Appendage |     7 |     6 |     2 ||    15
       Sticks to Snakes  |     1 |     1 |       ||     2
       Ice Form          |       |     2 |     2 ||     4
  Use: Scroll            |       |     5 |       ||     5
       Potion            |       |       |     2 ||     2
 Stab: Sleeping          |     1 |       |     1 ||     2
  Eat: Chunk             |     2 |     9 |       ||    11
       Ration            |       |     2 |     1 ||     3
Armor: Robe              |    14 |     9 |     3 ||    26
       Chain mail        |       |   100 |       ||   100
       Skin              |       |     5 |     1 ||     6
Dodge: Dodged            |    41 |    88 |    21 ||   150
